 Dungeon Crawl Stone Soup version 0.17-a0-1900-g45e8110 (webtiles) character file.

246 ithil the Cudgeler (level 6, -6/37 HPs)
             Began as a Gargoyle Gladiator on Sept 24, 2015.
             Mangled by an orc warrior
             ... wielding a +0 glaive
              (12 damage)
             ... on level 5 of the Dungeon.
             The game lasted 00:13:54 (2416 turns).

ithil the Cudgeler (Gargoyle Gladiator)             Turns: 2416, Time: 00:13:54

Health: -6/37      AC: 17    Str: 20    XL:     6   Next: 11%
Magic:  6/6        EV: 12    Int:  9    God:
Gold:   232        SH:  0    Dex: 10    Spells: 0 memorised, 5 levels left

rFire  . . .     SeeInvis .     a - +0 flail
rCold  + . .     Clarity  .     r - +3 ring mail {rC+}
rNeg   + . .     SustAt   .     (no shield)
rPois  ∞         Gourm    .     c - +0 helmet
rElec  +         Spirit   .     g - +2 cloak
rCorr  .         Warding  .     (no gloves)
rMut   .         Stasis   .     (no boots)
MR     .....                    (no amulet)
Stlth  ..........               (no ring)
                                (no ring)

@: not resistant to hostile enchantments, extremely unstealthy
A: negative energy resistance 1, electricity resistance, unbreathing,
petrification resistance, rot immunity, AC +4
a: no special abilities


You were on level 5 of the Dungeon.
You were not hungry.

You visited 1 branch of the dungeon, and saw 4 of its levels.

You collected 232 gold pieces.

Inventory:

Hand weapons
 a - a +0 flail (weapon)
 w - a +2 whip of flaming
Missiles
 d - 3 throwing nets (quivered)
Armour
 b - a +0 leather armour
 c - a +0 helmet (worn)
 g - a +2 cloak (worn)
 i - a +0 chain mail
 r - a +3 ring mail of cold resistance (worn)
Magical devices
 l - a wand of magic darts (22)
Scrolls
 f - a scroll of fog {unknown}
 h - a scroll of remove curse
 k - 4 scrolls of identify
 q - a scroll of recharging {unknown}
 u - a scroll of amnesia {unknown}
 v - a scroll of magic mapping {unknown}
Potions
 e - a potion of flight {unknown}
 j - a potion of degeneration {unknown}
 m - a potion of haste {unknown}
 n - 2 potions of curing {unknown}
 p - a potion of agility {unknown}
Comestibles
 o - a beef jerky
 s - 3 chunks of flesh
 t - a meat ration


   Skills:
 + Level 3.4 Fighting
 + Level 4.4 Maces & Flails
 + Level 2.2 Throwing
 + Level 2.5 Armour
 + Level 3.5 Dodging


You had 5 spell levels left.
You didn't know any spells.

Dungeon Overview and Level Annotations

Branches:
Dungeon (5/15)
 Temple: D:4-7

Altars:
Kikubaaqudgha
The Shining One

Annotations:
D:3 1 runed door


Innate Abilities, Weirdness & Mutations

You are resistant to torment.
Your stone body is resilient (AC +4).
You are immune to poison.
You resist negative energy.
You are resistant to electric shocks.
You can survive without breathing.
You are immune to petrification.
You are immune to rotting.


Message History

The worker ant twitches its antennae in your direction.
The orc warrior hits you from afar with a glaive!
The orc warrior barely misses you.
The giant newt hisses menacingly.
The orc warrior hits you with a glaive.
* * * LOW HITPOINT WARNING * * *
You barely miss the orc warrior. You hit the orc warrior.
The orc warrior is moderately wounded.
The orc warrior hits you with a glaive.
* * * LOW HITPOINT WARNING * * *
The orc priest casts a cantrip, but nothing happens.
You sock the orc warrior!
The orc warrior is heavily wounded.
The orc warrior barely misses you.
You hit the orc warrior but do no damage.
The orc warrior is heavily wounded.
The orc warrior hits you but does no damage.
The orc warrior hits you from afar with a glaive!
You die...

### ###########
.#.#####.#### #.........#
..alooo...#.###.#######.#
.#o#####@#...##.# #.#
#......#<# #.# #.#...##.#
#.# #........# #.#
####.##### #.# #.# #.#
#+# #.# #.# ###.#


You could see an orc warrior, a worker ant, 2 orcs and a giant newt.

Vanquished Creatures
  A vampire bat (D:2)
  A giant frog skeleton (D:5)
  Terence (D:2)
  A gnoll (D:1)
  6 adders
  2 oozes (D:1)
  3 worms
  3 giant geckos
  3 orcs
  A ball python (D:1)
  5 bats
  2 bat skeletons (D:2)
  3 bat zombies (D:2)
  5 giant cockroaches
  8 hobgoblins
  8 kobolds
  3 giant newts (D:1)
  2 goblins (D:1)
  7 jackals (D:2)
  7 rats
72 creatures vanquished.

Notes
Turn   | Place    | Note
--------------------------------------------------------------
     0 | D:1      | ithil the Gargoyle Gladiator began the quest for the Orb.
     0 | D:1      | Reached XP level 1. HP: 12/12 MP: 1/1
    53 | D:1      | Reached XP level 2. HP: 14/17 MP: 2/2
   349 | D:1      | Reached XP level 3. HP: 22/22 MP: 3/3
  1067 | D:2      | Reached XP level 4. HP: 27/27 MP: 4/4
  1175 | D:2      | Reached skill level 1 in Armour
  1406 | D:2      | Noticed Terence
  1423 | D:2      | Killed Terence
  1423 | D:2      | Reached skill level 4 in Maces & Flails
  1423 | D:2      | Reached XP level 5. HP: 24/32 MP: 5/5
  1805 | D:2      | Found an ancient bone altar of Kikubaaqudgha.
  2190 | D:3      | Found a runed door.
  2190 | D:3      | Noticed an angel
  2207 | D:3      | Found a glowing golden altar of the Shining One.
  2293 | D:3      | You fall through a shaft for 2 floors!
  2293 | D:5      | Entered Level 5 of the Dungeon
  2400 | D:5      | Reached XP level 6. HP: 25/37 MP: 6/6
  2404 | D:5      | Noticed an orc warrior
  2416 | D:5      | Mangled by an orc warrior

Vault maps used:
D:1:      matt_arrival_los_fun, st_stairs_9, serial_bayou_crossing
D:2:      kennysheep_vampire_church, grunt_ministairs_5, uniq_terence
D:3:      minitemple, old_standard_altar, lemuel_angel_altar, uniq_grinder,
          uniq_iyjb, uniq_robin
D:5:      gup_sewer_entry_bowl, first_bread

Action                   |  1- 3 |  4- 6 || total
-------------------------+-------+-------++-------
Melee: Flail             |   113 |   180 ||   293
  Use: Scroll            |     1 |     2 ||     3
  Eat: Chunk             |     1 |     2 ||     3
       Bread ration      |       |     1 ||     1
